 Seeded DCSS version 0.27-a0-1502-g47ed6a6988 (webtiles) character file.

Game seed: 20210708 (custom seed)

170 muata the Skirmisher (level 5, 0/49 (50) HPs)
             Began as a Minotaur Berserker on July 8, 2021.
             Was a Believer of Trog.
             Slain by a hobgoblin (10 damage)
             ... on level 3 of the Dungeon.
             The game lasted 00:02:39 (1555 turns).

muata the Skirmisher (Minotaur Berserker)           Turns: 1555, Time: 00:02:39

HP:   0/49 (50)     AC:  3    Str: 23    XL:     5   Next: 26%
MP:   4/4           EV:  8    Int:  4    God:    Trog [**....]
Gold: 60            SH:  7    Dex:  9    Spells: 4/4 levels left

rFire    . . .     SeeInvis .   a - +0 hand axe
rCold    . . .     Faith    .   g - +0 kite shield
rNeg     . . .     Spirit   .   i - +0 leather armour
rPois    .         Reflect  .   (helmet restricted)
rElec    .         Harm     .   (no cloak)
rCorr    .         Rampage  .   (no gloves)
Will     .....                  (no boots)
Stlth    +.........             (no amulet)
HPRegen  0.16/turn              (no ring)
MPRegen  0.09/turn              (no ring)

@: on berserk cooldown, slowed, lightly drained, very slow
A: horns 2, retaliatory headbutt
a: Renounce Religion, Berserk, Trog's Hand


You were on level 3 of the Dungeon.
You worshipped Trog.
Trog was pleased with you.
You visited 1 branch of the dungeon, and saw 3 of its levels.

You collected 60 gold pieces.

Inventory:

Hand Weapons
 a - a +0 hand axe (weapon)
Missiles
 l - 2 throwing nets (quivered)
Armour
 g - a +0 kite shield (worn)
 i - a +0 leather armour (worn)
Jewellery
 j - an amulet of regeneration
Scrolls
 b - a scroll of immolation {unknown}
 c - 2 scrolls of enchant armour {unknown}
 d - 2 scrolls of identify {unknown}
 e - a scroll of magic mapping {unknown}
 k - a scroll of fear {unknown}
 m - a scroll of blinking {unknown}
Potions
 f - a potion of flight {unknown}
 h - a potion of berserk rage {unknown}
 n - a potion of brilliance {unknown}


   Skills:
 + Level 5.7 Fighting
 + Level 5.7 Axes
 - Level 2.4 Armour
 - Level 2.1 Dodging


You had 4 spell levels left.
You didn't know any spells.
Your spell library was empty.

Dungeon Overview and Level Annotations

Branches:
Dungeon (3/15)

Altars:


Innate Abilities, Weirdness & Mutations

You have a pair of horns on your head.
You reflexively headbutt those who attack you in melee.


Message History

Something hits you.
You slash something! Trog accepts your kill.
Trog appreciates your killing of a magic user.
Reactivating autopickup.
You feel a bit more experienced.
You have reached level 5!
Deactivating autopickup; reactivate with Ctrl-A.
You closely miss something. You block something's attack.
You miss something. Your headbutt misses something. Something hits you.
You feel drained.
You barely miss something. You block something's attack.
The hobgoblin throws a stone.
The stone barely misses you.
You miss something. You headbutt something!
You hear some strange, mumbled words.
A magic dart appears from out of thin air!
The magic dart hits you.
You closely miss something. Your headbutt misses something.
You are no longer berserk.
You are exhausted.
You feel yourself slow down. Something hits you but does no damage.
You feel drained.
You slash something! Trog accepts your kill.
Trog appreciates your killing of a magic user.
Reactivating autopickup.
You feel a bit more experienced.
The hobgoblin throws a stone.
The stone closely misses you.
You barely miss the hobgoblin.
The hobgoblin hits you with a +0 war axe. x2
You hit the hobgoblin.
The hobgoblin is moderately wounded.
The hobgoblin hits you with a +0 war axe.
The hobgoblin hits you with a +0 war axe!
You hit the hobgoblin but do no damage. Your headbutt misses the hobgoblin.
The hobgoblin is moderately wounded.
The hobgoblin hits you with a +0 war axe!
* * * LOW HITPOINT WARNING * * *
The hobgoblin hits you with a +0 war axe!
You die...

#.....## ######......# .
#.......#'#.## ..
#.......+....# .$.
#.......##.### ....
#............# .....
#.......##...##
......####.#####....####
#>g@................
######.......#######
######### ## #. #. ##.
#.. ###


You could see a hobgoblin.

Vanquished Creatures
  3 orc wizards (D:3)
  3 adders
  A worm (D:2)
  A dart slug (D:1)
  4 orcs (D:3)
  5 ball pythons
  4 endoplasms
  3 giant cockroaches
  3 goblins
  7 hobgoblins
  4 jackals (D:1)
  A kobold (D:2)
  6 bats
  8 frilled lizards
  10 rats
63 creatures vanquished.

Notes
Turn   | Place    | Note
-------+----------+-------------------------------------------
     0 | D:1      | muata the Minotaur Berserker began the quest for the Orb.
     0 | D:1      | Reached XP level 1. HP: 19/19 MP: 0/0
   163 | D:1      | Found a faded altar of an unknown god.
   179 | D:1      | Reached XP level 2. HP: 23/27 MP: 1/1
   457 | D:1      | Reached ** piety under Trog
   460 | D:1      | Reached XP level 3. HP: 29/34 MP: 2/2
  1150 | D:3      | Reached XP level 4. HP: 41/41 MP: 3/3
  1152 | D:3      | Reached skill level 5 in Fighting
  1169 | D:3      | Reached skill level 5 in Axes
  1547 | D:3      | Reached XP level 5. HP: 49/49 MP: 4/4
  1555 | D:3      | Slain by a hobgoblin

Illustrated notes

Levels and vault maps discovered:
D:1:      dpeg_arrival_fog, layout_rooms, shapermc_ecumenical_altar_venn
D:2:      layout_basic
D:3:      layout_basic, ebering_ghost_gozag, minmay_strange_pillars

Skill      XL: |  1  2  3  4 |
---------------+-------------+-----
Fighting       | 4 5 |  5.7
Axes           | 4 5 |  5.7
Armour         | |  2.4
Dodging        | |  2.1

Action                   |  1- 3 |  4- 6 || total
-------------------------+-------+-------++-------
Melee: Hand axe          |    77 |    47 ||   124
       Headbutt          |    13 |     6 ||    19
Invok: Berserk           |     1 |     1 ||     2
Armor: Animal skin       |    16 |       ||    16
       Leather armour    |    15 |    14 ||    29
Dodge: Dodged            |    48 |    10 ||    58
Block: Kite shield       |    19 |    13 ||    32

Table legend: (Time is in decaauts)
 A = Elapsed time spent in this place.
 B = Non-inter-level travel time spent in this place.
 C = Inter-level travel time spent in this place.
 D = Time resting spent in this place.
 E = Time spent auto-exploring this place.
 F = Levels seen in this place.
 G = Mean time per level.
                   A        B        C        D        E       F      G
               +--------+--------+--------+--------+--------+-----+--------+
         Total |   1587 |   1537 |     50 |    283 |    852 |   3 |  529.0 |
       Dungeon |   1587 |   1537 |     50 |    283 |    852 |   3 |  529.0 |
               +--------+--------+--------+--------+--------+-----+--------+

Top non-repeatable levels by time:
     D:1: 564 daAuts
     D:2: 563 daAuts
     D:3: 459 daAuts
